 Dungeon Crawl Stone Soup version 0.26-a0-389-g5bc9781 (webtiles) character file.

Game seed: 6827110251152467031

13865 silenth the Frost Mage (level 11, -8/65 HPs)
             Began as a Deep Elf Ice Elementalist on July 21, 2020.
             Was a High Priest of Vehumet.
             Mangled by a demonic crawler (9 damage)
             ... summoned by a deep elf mage
             ... on level 12 of the Dungeon.
             The game lasted 00:21:01 (11358 turns).

silenth the Frost Mage (Deep Elf Ice Elementalist) Turns: 11358, Time: 00:21:02

Health: -8/65      AC:  4    Str:  5    XL:     11   Next: 81%
Magic:  17/25      EV: 15    Int: 30    God:    Vehumet [*****.]
Gold:   672        SH:  5    Dex: 15    Spells: 10/27 levels left

rFire    . . .     SeeInvis .   a - +1 rapier (speed)
rCold    + . .     Faith    .   Q - +0 buckler
rNeg     . . .     Spirit   .   u - +1 leather armour {rC+}
rPois    .         Reflect  .   (no helmet)
rElec    .         Harm     .   E - +0 cloak
rCorr    .                      d - +1 pair of gloves
MR       +....                  N - +0 pair of boots
Stlth    ++........             e - amulet of regeneration
HPRegen  0.60/turn              X - +4 ring of protection
MPRegen  0.19/turn              A - +6 ring of intelligence

@: corroded
A: no striking features
a: Renounce Religion


You were on level 12 of the Dungeon.
You worshipped Vehumet.
Vehumet was extremely pleased with you.
You visited 2 branches of the dungeon, and saw 13 of its levels.

You collected 672 gold pieces.

Inventory:

Hand Weapons
 a - a +1 rapier of speed (weapon)
 y - a +0 vampiric short sword
Missiles
 D - 4 curare-tipped darts (quivered)
 O - a throwing net
Armour
 d - a +1 pair of gloves (worn)
 u - a +1 leather armour of cold resistance (worn)
 E - a +0 cloak (worn)
 N - a +0 pair of boots (worn)
 Q - a +0 buckler (worn)
Jewellery
 e - an amulet of regeneration (around neck)
 o - an uncursed ring of fire
 p - a +4 ring of evasion
 w - an uncursed ring of protection from cold
 A - a +6 ring of intelligence (right hand)
 G - an uncursed ring of resist corrosion
 X - a +4 ring of protection (left hand)
 Y - an uncursed ring of protection from magic
Wands
 h - a wand of digging (5)
 q - a wand of iceblast (11)
 z - a wand of paralysis (6)
Scrolls
 b - 6 scrolls of teleportation
 f - 2 scrolls of amnesia
 r - 5 scrolls of remove curse
 K - a scroll of magic mapping
 V - a scroll of blinking
Potions
 c - 5 potions of curing
 g - a potion of berserk rage
 j - a potion of invisibility {unknown}
 k - 4 potions of stabbing
 m - 2 potions of might
 s - 3 potions of heal wounds
 t - 2 potions of mutation
 v - a potion of resistance
 B - a potion of brilliance
 I - a potion of ambrosia
 L - a potion of lignification {unknown}
 W - 2 potions of flight {unknown}
Miscellaneous
 M - a phantom mirror
 T - a phial of floods
 U - a lightning rod (1/4)


   Skills:
 + Level 6.3 Fighting
 + Level 2.7 Short Blades
 - Level 2.0 Armour
 + Level 6.8 Dodging
 - Level 4.0 Stealth
 + Level 3.0 Shields
 + Level 8.7 Spellcasting
 + Level 8.5 Conjurations
 + Level 8.5 Summonings
 - Level 10.0 Ice Magic
 * Level 4.4 Earth Magic
 - Level 1.0 Evocations


You had 10 spell levels left.
You knew the following spells:

 Your Spells              Type           Power        Failure   Level
a - Freeze                Ice            ####         1%          1
b - Frozen Ramparts       Ice            ######       1%          3
c - Hailstorm             Conj/Ice       ######..     1%          4
d - Summon Ice Beast      Ice/Summ       ######..     1%          4
e - Lee's Rapid Deconstr  Erth           #####.....   9%          5

Your spell library contained the following spells:

 Spells                   Type           Power        Failure   Level
 Freezing Cloud           Conj/Ice/Air   ######....   22%         6
 Foxfire                  Conj/Fire      ####         1%          1
 Summon Small Mammal      Summ           ####         1%          1
 Conjure Flame            Conj/Fire      #####...     1%          3
 Ozocubu's Armour         Ice            ######..     1%          3
 Sticky Flame             Conj/Fire      #####...     3%          4
 Inner Flame              Hex/Fire       ##......     6%          3
 Animate Skeleton         Necr           ##....       8%          1
 Apportation              Tloc           ##....       8%          1
 Corona                   Hex            ##.....      8%          1
 Fireball                 Conj/Fire      #####.....   10%         5


Dungeon Overview and Level Annotations

Branches:
Dungeon (12/15)            Temple (0/1) D:6            Lair (1/6) D:11
    Orc (0/2) D:9

Altars:
Ashenzari
Cheibriados
Dithmenos
Elyvilon
Gozag
Makhleb
Nemelex Xobeh
Okawaru
Trog
Uskayaw
Vehumet
Xom
Zin
The Shining One

Annotations:
D:6 1 runed translucent door


Message History

The deep elf mage is almost dead.
The redback bites you but does no damage.
The demonic crawler hits you!
* * * LOW HITPOINT WARNING * * *
The demonic crawler hits you!
* * * LOW HITPOINT WARNING * * *
The demonic crawler hits you.
* * * LOW HITPOINT WARNING * * *
The goblin misses you. The redback bites your ice beast!
Your ice beast completely misses the demonic crawler.
The deep elf mage hits you but does no damage.
The redback closely misses you. The redback bites your ice beast!
Your ice beast hits the redback.
Your ice beast freezes the redback!
Your ice beast closely misses the demonic crawler.
The redback bites your ice beast! The demonic crawler misses you.
The demonic crawler hits you.
* * * LOW HITPOINT WARNING * * *
The demonic crawler hits you!
You die...

**+****** ***+*****
*,,**** *,**** **,,,,*
*,,,,* ######+### ****,*
#........#** #######+##
#........+,* #.......†#
#........#,**#...(....†
#........#,,,+.......†#
##...Ys@<.#***#........#
#...s.es..## #........#
#...g.YY)..## #........#
#..≈≈≈≈≈≈).)###........#
#..≈▒▒▒▒▒≈..(..........#
#..≈*,,,▒≈.†############
#..≈,,∩,▒≈..#
#.,≈*,,,▒≈..#
##,≈****▒≈..#


You could see a demonic crawler (summoned), a deep elf mage, 2 redbacks, a
goblin and 3 friendly ice beasts.

Vanquished Creatures
  A hydra (Lair:1)
  2 two-headed ogres
  3 death yaks (D:11)
  2 unseen horrors
  A cyclops (D:12)
  2 trolls (D:9)
  3 slime creatures (D:12)
  3 hippogriffs
  10 yaks
  Eustachio (D:6)
  Edmund (D:5)
  A soldier ant (D:10)
  Duvessa (D:7)
  3 porcupines
  3 sky beasts
  3 orc warriors
  A phantom (D:4)
  A black bear (D:8)
  A necrophage (D:12)
  3 ogres
  2 centaurs
  A crocodile (D:11)
  Blork the orc (D:5)
  3 big kobolds (D:9)
  2 gnoll sergeants (D:9)
  3 bullfrogs
  Dowan (D:7)
  6 killer bees
  3 wights (D:7)
  4 howler monkeys
  2 centaur zombies
  5 hounds
  3 centaur skeletons
  6 orc priests
  2 bullfrog skeletons
  A jelly (D:8)
  13 orc wizards
  Jessica (D:3)
  Ijyb (D:3)
  4 iguanas
  2 hell rats (D:11)
  15 worker ants
  2 hound skeletons
  A worker ant zombie (D:6)
  7 adders
  2 gnolls (D:9)
  2 river rats
  2 shadow imps
  4 white imps
  An adder zombie (D:9)
  An adder skeleton (D:4)
  A worm (D:6)
  2 dart slugs
  A leopard gecko (D:3)
  45 orcs
  14 giant cockroaches
  8 goblins
  10 hobgoblins
  7 jackals
  10 kobolds
  5 quokkas
  A ball python (D:5)
  7 bats
  4 frilled lizards
  A jackal skeleton (D:2)
  A quokka skeleton (D:4)
  16 rats
  3 butterflies (D:6)
285 creatures vanquished.

Vanquished Creatures (collateral kills)
  A hydra (D:11)
  A vampire (D:10)
  A yak (D:12)
  A water moccasin (Lair:1)
  2 orc warriors (D:9)
  An eye of draining (D:10)
  An ice beast (D:10)
  A phantom (D:10)
  A crocodile (Lair:1)
  2 gnoll sergeants (D:9)
  A goblin (D:12)
13 creatures vanquished.

Grand Total: 298 creatures vanquished

Notes
Turn   | Place    | Note
-------+----------+-------------------------------------------
     0 | D:1      | silenth the Deep Elf Ice Elementalist began the quest for
                  | the Orb.
     0 | D:1      | Reached XP level 1. HP: 10/10 MP: 6/6
   350 | D:1      | Reached XP level 2. HP: 11/15 MP: 5/8
   920 | D:1      | Reached skill level 5 in Ice Magic
  1195 | D:2      | Reached XP level 3. HP: 13/19 MP: 5/10
  1251 | D:2      | Learned a level 3 spell: Frozen Ramparts
  1431 | D:2      | Found a faded altar of an unknown god.
  1566 | D:2      | Reached skill level 4 in Spellcasting
  1708 | D:2      | Found a shimmering altar of Xom.
  1725 | D:2      | Reached XP level 4. HP: 24/24 MP: 9/12
  1837 | D:3      | Found a white marble altar of Elyvilon.
  1864 | D:3      | Reached skill level 6 in Ice Magic
  2165 | D:3      | Found a shadowy altar of Dithmenos.
  2328 | D:3      | Noticed Jessica
  2342 | D:3      | Killed Jessica
  2342 | D:3      | Reached XP level 5. HP: 28/28 MP: 10/14
  2379 | D:3      | Found a hide-covered altar of Uskayaw.
  2380 | D:3      | Found a sparkling altar of Nemelex Xobeh.
  2555 | D:3      | Learned a level 4 spell: Hailstorm
  2560 | D:3      | Learned a level 4 spell: Summon Ice Beast
  2602 | D:3      | Reached skill level 5 in Spellcasting
  2721 | D:3      | Found a radiant altar of Vehumet.
  2745 | D:3      | Became a worshipper of Vehumet
  2772 | D:3      | Noticed Ijyb
  2780 | D:3      | Killed Ijyb
  2780 | D:3      | Reached skill level 1 in Summonings
  2932 | D:3      | Found an opulent altar of Gozag.
  3113 | D:4      | Reached skill level 1 in Conjurations
  3120 | D:4      | Reached XP level 6. HP: 13/32 MP: 11/15
  3658 | D:4      | Reached skill level 7 in Ice Magic
  3681 | D:4      | Reached skill level 1 in Fighting
  3842 | D:4      | Found a shattered altar of Ashenzari.
  3850 | D:4      | Reached skill level 2 in Conjurations
  3850 | D:4      | Reached skill level 2 in Summonings
  3850 | D:4      | Reached XP level 7. HP: 38/38 MP: 14/17
  4227 | D:4      | Reached * piety under Vehumet
  4227 | D:4      | Offered knowledge of Shock by Vehumet.
  4291 | D:4      | You fall into a shaft and drop 1 floor!
  4291 | D:5      | Entered Level 5 of the Dungeon
  4667 | D:5      | Reached skill level 6 in Spellcasting
  5135 | D:5      | Noticed Edmund
  5150 | D:5      | Killed Edmund
  5150 | D:5      | Reached skill level 2 in Fighting
  5150 | D:5      | Reached skill level 3 in Conjurations
  5150 | D:5      | Reached skill level 3 in Summonings
  5370 | D:5      | Noticed Blork the orc
  5378 | D:5      | Killed Blork the orc
  5378 | D:5      | Reached XP level 8. HP: 39/44 MP: 16/19
  5526 | D:5      | Found a snail-covered altar of Cheibriados.
  5751 | D:6      | Reached skill level 8 in Ice Magic
  5931 | D:6      | Found a staircase to the Ecumenical Temple.
  6057 | D:6      | Noticed Eustachio
  6064 | D:6      | Killed Eustachio
  6064 | D:6      | Reached skill level 7 in Spellcasting
  6374 | D:6      | Reached ** piety under Vehumet
  6488 | D:6      | Offered knowledge of Sandblast by Vehumet.
  6488 | D:6      | Reached skill level 4 in Conjurations
  6488 | D:6      | Reached skill level 4 in Summonings
  6524 | D:6      | Found a runed translucent door.
  6525 | D:6      | Found a runed translucent door.
  6535 | D:6      | Reached skill level 3 in Fighting
  6915 | D:7      | Noticed a hippogriff
  6923 | D:7      | Killed a hippogriff
  6923 | D:7      | Reached skill level 1 in Evocations
  6996 | D:7      | Reached skill level 5 in Conjurations
  7010 | D:7      | Reached XP level 9. HP: 42/51 MP: 21/21
  7080 | D:7      | Reached skill level 5 in Summonings
  7253 | D:7      | Reached skill level 3 in Dodging
  7289 | D:7      | You fall into a shaft and drop 2 floors!
  7316 | D:8      | Reached skill level 1 in Armour
  7371 | D:7      | Noticed Duvessa
  7372 | D:7      | Noticed Dowan
  7380 | D:7      | Killed Duvessa
  7382 | D:7      | Killed Dowan
  7456 | D:7      | Reached skill level 9 in Ice Magic
  8046 | D:7      | Found a glowing golden altar of the Shining One.
  8063 | D:7      | Offered knowledge of Ignite Poison by Vehumet.
  8063 | D:7      | Reached skill level 4 in Fighting
  8343 | D:8      | Reached skill level 4 in Dodging
  8470 | D:8      | Reached skill level 2 in Armour
  8531 | D:8      | Reached *** piety under Vehumet
  8706 | D:8      | Found a burning altar of Makhleb.
  8762 | D:8      | Reached skill level 6 in Conjurations
  8978 | D:9      | Reached skill level 6 in Summonings
  9027 | D:9      | Noticed a troll
  9040 | D:9      | Killed a troll
  9086 | D:9      | Reached skill level 3 in Stealth
  9210 | D:9      | Reached XP level 10. HP: 58/58 MP: 12/22
  9266 | D:9      | Found a glowing silver altar of Zin.
  9365 | D:9      | Reached skill level 5 in Dodging
  9405 | D:9      | Found an iron altar of Okawaru.
  9432 | D:9      | Offered knowledge of Olgreb's Toxic Radiance by Vehumet.
  9437 | D:9      | Reached skill level 4 in Stealth
  9482 | D:9      | Found a staircase to the Orcish Mines.
  9497 | D:9      | Reached skill level 5 in Fighting
  9498 | D:9      | Reached skill level 7 in Conjurations
  9500 | D:9      | Reached skill level 7 in Summonings
  9500 | D:9      | Reached skill level 10 in Ice Magic
  9697 | D:10     | Entered Level 10 of the Dungeon
  9761 | D:10     | HP: 5/59 [centaur warrior zombie (2)]
  9764 | D:10     | Killed an unseen horror
  9764 | D:10     | Reached **** piety under Vehumet
  9779 | D:10     | Reached skill level 1 in Shields
  9902 | D:10     | Noticed a two-headed ogre
  9925 | D:10     | Killed a two-headed ogre
 10152 | D:10     | Offered knowledge of Lee's Rapid Deconstruction by Vehumet.
 10152 | D:10     | Reached XP level 11. HP: 64/64 MP: 14/24
 10164 | D:10     | Learned a level 5 spell: Lee's Rapid Deconstruction
 10625 | D:11     | Noticed a death yak
 10625 | D:11     | Noticed a seven-headed hydra
 10641 | D:11     | Killed a seven-headed hydra
 10641 | D:11     | Reached skill level 1 in Earth Magic
 10719 | D:11     | Found a staircase to the Lair.
 10722 | D:11     | Noticed a death yak
 10728 | D:11     | Noticed a death yak
 10730 | D:11     | Killed a death yak
 10730 | D:11     | Reached skill level 1 in Short Blades
 10730 | D:11     | Reached skill level 6 in Dodging
 10730 | D:11     | Reached skill level 2 in Shields
 10730 | D:11     | Reached skill level 8 in Spellcasting
 10733 | D:11     | Killed a death yak
 10733 | D:11     | Reached skill level 8 in Conjurations
 10733 | D:11     | Reached skill level 8 in Summonings
 10733 | D:11     | Reached skill level 2 in Earth Magic
 10735 | D:11     | Killed a death yak
 10735 | D:11     | Reached skill level 6 in Fighting
 10758 | D:11     | Noticed a two-headed ogre
 10771 | D:11     | Killed a two-headed ogre
 10896 | D:11     | Reached skill level 3 in Earth Magic
 10907 | Lair:1   | Entered Level 1 of the Lair of Beasts
 10917 | Lair:1   | Noticed a four-headed hydra
 10928 | Lair:1   | Killed a four-headed hydra
 10928 | Lair:1   | Reached skill level 2 in Short Blades
 10993 | Lair:1   | Found a bloodstained altar of Trog.
 11123 | D:11     | Killed an unseen horror
 11307 | D:12     | Reached skill level 4 in Earth Magic
 11322 | D:12     | Noticed a deep elf mage
 11335 | D:12     | Reached ***** piety under Vehumet
 11338 | D:12     | Reached skill level 3 in Shields
 11342 | D:12     | Offered knowledge of Freezing Cloud by Vehumet.
 11357 | D:12     | HP: 5/65 [demonic crawler[a deep elf mage] (6)]
 11358 | D:12     | HP: 1/65 [demonic crawler[a deep elf mage] (5)]
 11358 | D:12     | Mangled by a demonic crawler

Illustrated notes

Levels and vault maps discovered:
D:1:      ncdulo_wetmaze, layout_basic
D:2:      layout_rooms, overflow_temple_1_default,
          chequers_ecumenical_altar_simple_redux, minmay_misc_feat_iff
D:3:      layout_basic, grunt_dithmenos_smoke_and_mirrors, lemuel_doored_altar,
          elyvilon_altar_5, nicolae_gozag_seed_capital,
          nicolae_overflow_hidden_temple, skrybe_limestone_x, uniq_ijyb,
          uniq_jessica
D:4:      layout_gridville, evilmike_ruin_ashenzari
D:5:      layout_basic, cheibriados_altar_1, portal_sewer_entry_c,
          uniq_blork_the_orc, uniq_edmund
D:6:      lemuel_insect_pit, layout_basic, minmay_temple_entry_tees,
          uniq_eustachio
D:7:      layout_basic, kennysheep_little_box, kennysheep_generic_room_4,
          uniq_duvessa
D:8:      black_bear_nest_2, layout_gridville, lemuel_round_altar
D:9:      layout_rooms, nicolae_overflow_crystal_walls, lemuel_crystal_altar,
          kennysheep_orc_monster_closet_entryway, minivault_16
D:10:     layout_rooms, st_stairs_8, hangedman_decor_push,
          hangedman_decor_riveting, minivault_25
D:11:     layout_rooms, dpeg_lair_monsters
D:12:     layout_roguey, enter_bailey_3
Lair:1:   layout_roguey, basic_altar, pond, grunt_megastairs_3

Skill      XL: |  1  2  3  4  5  6  7  8  9 10 11 |
---------------+----------------------------------+-----
Ice Magic      | 5 6 7 8 9 10 | 10.0
Spellcasting   | 4 5 6 7 8 |  8.7
Summonings     | 1 2 3 4 6 7 8 |  8.5
Conjurations   | 1 2 3 5 6 7 8 |  8.5
Fighting       | 1 2 3 4 5 6 |  6.3
Evocations     | 1 |  1.0
Dodging        | 4 5 6 |  6.8
Armour         | 2 |  2.0
Stealth        | 3 4 |  4.0
Shields        | 1 3 |  3.0
Earth Magic    | 4 |  4.4
Short Blades   | 2 |  2.7

Action                   |  1- 3 |  4- 6 |  7- 9 | 10-12 || total
-------------------------+-------+-------+-------+-------++-------
Melee: Unarmed           |     2 |       |       |       ||     2
       Dagger            |    30 |    47 |     3 |       ||    80
       Lajatang          |       |       |   228 |    15 ||   243
       Quarterstaff      |       |       |    37 |       ||    37
       Rapier            |       |       |       |    89 ||    89
       Short sword       |       |       |       |    11 ||    11
 Cast: Freeze            |    53 |    37 |    33 |     2 ||   125
       Frozen Ramparts   |       |    11 |    35 |    28 ||    74
       Summon Ice Beast  |       |       |     3 |    29 ||    32
       Hailstorm         |       |       |     1 |     6 ||     7
Evoke: Lightning rod     |       |       |       |     3 ||     3
  Use: Scroll            |       |     8 |     8 |    12 ||    28
       Potion            |       |     1 |       |     2 ||     3
 Stab: Sleeping          |     2 |     1 |     3 |     3 ||     9
       Distracted        |       |       |     1 |       ||     1
Armor: Robe              |    17 |    21 |     1 |       ||    39
       Leather armour    |       |       |   107 |    51 ||   158
Dodge: Dodged            |    44 |    51 |   244 |   113 ||   452
Block: Buckler           |       |       |       |    26 ||    26

Table legend: (Time is in decaauts)
 A = Elapsed time spent in this place.
 B = Non-inter-level travel time spent in this place.
 C = Inter-level travel time spent in this place.
 D = Time resting spent in this place.
 E = Time spent auto-exploring this place.
 F = Levels seen in this place.
 G = Mean time per level.
                   A        B        C        D        E       F      G
               +--------+--------+--------+--------+--------+-----+--------+
         Total |  11452 |  11086 |    366 |   2412 |   6330 |  13 |  880.9 |
       Dungeon |  11354 |  10998 |    356 |   2412 |   6284 |  12 |  946.2 |
          Lair |     97 |     87 |     10 |      0 |     46 |   1 |   97.0 |
               +--------+--------+--------+--------+--------+-----+--------+
Top levels by time: D:4: 1545 daAuts D:7: 1306 daAuts D:3: 1282 daAuts D:6: 1196 daAuts D:1: 1191 daAuts D:5: 1127 daAuts D:10: 867 daAuts D:8: 778 daAuts D:9: 751 daAuts D:2: 636 daAuts D:11: 610 daAuts Lair:1: 97 daAuts D:12: 61 daAuts
